 Dungeon Crawl Stone Soup version 0.26.1-2-gb8aa6d0cf2 (webtiles) character file.

Game seed: 5284407966416910075

593 windgrace the Ogre Mage (level 7, -3/62 HPs)
             Began as an Ogre Hedge Wizard on Feb 11, 2021.
             Killed by miscasting Mephitic Cloud (7 damage)
             ... on level 4 of the Dungeon.
             The game lasted 00:33:34 (4703 turns).

windgrace the Ogre Mage (Ogre Hedge Wizard)         Turns: 4703, Time: 00:33:37

Health: -3/62      AC:  3    Str: 15    XL:     7   Next: 39%
Magic:  5/17       EV: 10    Int: 17    God:
Gold:   177        SH:  0    Dex:  8    Spells: 8/19 levels left

rFire    . . .     SeeInvis .   l - +2 mace (vorpal)
rCold    . . .     Faith    .   (no shield)
rNeg     . . .     Spirit   .   o - +0 robe
rPois    .         Reflect  .   c - +0 hat
rElec    .         Harm     .   (no cloak)
rCorr    .         Rampage  .   (gloves unavailable)
Will     .....                  (boots unavailable)
Stlth    ++........             i - amulet of magic regeneration
HPRegen  0.20/turn              (no ring)
MPRegen  0.40/turn              (no ring)

@: very slightly contaminated
A: large, unfitting armour, tough skin 1
a: no special abilities


You were on level 4 of the Dungeon.
You visited 1 branch of the dungeon, and saw 4 of its levels.

You collected 177 gold pieces.

Inventory:

Hand Weapons
 a - a +0 dagger
 h - a +0 short sword
 l - a +2 vorpal mace (weapon)
 u - a +2 hunting sling of freezing
Missiles
 g - 22 poisoned darts (quivered)
 v - 89 stones
 x - 23 sling bullets
Armour
 b - a +0 robe
 c - a +0 hat (worn)
 o - a +0 robe (worn)
Jewellery
 i - an amulet of magic regeneration (around neck)
Scrolls
 d - 2 scrolls of enchant armour {unknown}
 e - 4 scrolls of identify {unknown}
 j - a scroll of immolation {unknown}
 k - a scroll of noise {unknown}
 m - 2 scrolls of teleportation {unknown}
 p - a scroll of enchant weapon {unknown}
 r - a scroll of fear {unknown}
 y - a scroll of magic mapping {unknown}
 z - a scroll of blinking {unknown}
Potions
 f - a potion of attraction {unknown}
 q - a potion of experience {unknown}
 s - a potion of mutation {unknown}
 t - 3 potions of ambrosia {unknown}
 w - a potion of flight {unknown}


   Skills:
 - Level 1.0 Fighting
 - Level 0.7 Short Blades
 - Level 2.0 Maces & Flails
 - Level 1.8 Dodging
 + Level 2.8 Stealth
 * Level 6.7 Spellcasting
 - Level 2.0 Conjurations
 + Level 2.7 Summonings
 - Level 0.8 Translocations


You had 8 spell levels left.
You knew the following spells:

 Your Spells              Type           Power        Failure   Level
a - Magic Dart            Conj           48%          5%          1
b - Call Imp              Summ           15%          6%          2
c - Mephitic Cloud        Conj/Pois/Air  8%           26%         3
d - Blink                 Tloc           N/A          13%         2
e - Conjure Flame         Conj/Fire      9%           24%         3

Your spell library contained the following spells:

 Spells                   Type           Power        Failure   Level
 Slow                     Hex            5%           19%         2


Dungeon Overview and Level Annotations

Branches:
Dungeon (4/15)
 Temple: D:4-7

Altars:


Innate Abilities, Weirdness & Mutations

You are too large for most types of armour.
You have tough skin. (AC +1)


Message History

Casting: Magic Dart (safe; 5% risk of failure)
Confirm with . or Enter, or press ? or * to list all spells.
A beastly little devil appears in a puff of frigid air.
Casting: Call Imp (safe; 6% risk of failure)
Confirm with . or Enter, or press ? or * to list all spells.
Aiming: Magic Dart (safe; 5% risk of failure)
Press: ? - help, Shift-Dir - straight line, f - jackal
Aim: a jackal (0% to evade)
The magic dart hits the jackal.
The jackal is lightly wounded.
Your crimson imp blinks!
Casting: Magic Dart (safe; 5% risk of failure)
Confirm with . or Enter, or press ? or * to list all spells.
Aiming: Mephitic Cloud (dangerous; 26% risk of failure)
Press: ? - help, Shift-Dir - straight line, f/p - jackal
Aim: a jackal (lightly wounded)
You miscast Mephitic Cloud.
You are very lightly contaminated with residual magic.
Sparks fly from your hands!
You die...

8... .. ..... .. ......
# #.#. #! ..8 . .. #...
#. #.#.#.# #.#.
#####$##h#... #
#.....#5h.5 #.....####
#(....5..# #..@§.##.#
##### ##
#........##§####... #.
###....#.##....#.#####.
###....#.§§.....(.)))
######......####.)<
#......<......
#........####.
#.^......# ###
####.....# #..


You could see 2 jackals, 2 friendly crimson imps and a friendly white imp
(summoned).

Vanquished Creatures
  Eustachio (D:4)
  An orc wizard (D:3)
  A worker ant (D:4)
  Terence (D:2)
  A gnoll (D:4)
  4 adders
  An ooze (D:1)
  2 worms
  2 dart slugs
  A leopard gecko (D:2)
  3 orcs
  2 bats
  A giant cockroach (D:1)
  7 goblins
  4 hobgoblins
  2 jackals
  A quokka (D:3)
  A frilled lizard (D:3)
  2 kobolds (D:1)
  4 rats
42 creatures vanquished.

Vanquished Creatures (collateral kills)
  The ghost of Gadfly the Unlucky Demonspawn, an amateur DsMo of Nemelex Xobeh (D:4)
  An ogre (D:3)
  A centaur (D:3)
  A jelly (D:2)
  A hound (D:4)
  An orc priest (D:4)
  An orc wizard (D:4)
  2 iguanas (D:4)
  Robin (D:3)
  3 gnolls (D:4)
  2 adders (D:4)
  An ooze (D:3)
  An adder skeleton (D:4)
  2 leopard geckos
  4 orcs
  2 giant cockroaches
  4 goblins (D:3)
  10 hobgoblins
  6 jackals
  A quokka (D:2)
  3 frilled lizards
  2 kobolds
  2 rats
53 creatures vanquished.

Grand Total: 95 creatures vanquished

Notes
Turn   | Place    | Note
-------+----------+-------------------------------------------
     0 | D:1      | windgrace the Ogre Hedge Wizard began the quest for the
                  | Orb.
     0 | D:1      | Reached XP level 1. HP: 16/16 MP: 5/5
   125 | D:1      | Reached skill level 4 in Spellcasting
   126 | D:1      | Reached XP level 2. HP: 18/24 MP: 2/7
   302 | D:1      | Learned a level 2 spell: Call Imp
   849 | D:1      | Reached skill level 1 in Conjurations
   850 | D:1      | Reached skill level 1 in Summonings
  1129 | D:2      | Reached XP level 3. HP: 5/31 MP: 5/9
  1412 | D:2      | Learned a level 3 spell: Mephitic Cloud
  1671 | D:2      | Reached XP level 4. HP: 38/39 MP: 7/10
  1897 | D:2      | Noticed Terence
  1920 | D:2      | Killed Terence
  1967 | D:2      | Reached skill level 5 in Spellcasting
  2658 | D:3      | Reached skill level 1 in Fighting
  2816 | D:3      | Noticed a centaur
  2827 | D:3      | Killed a centaur
  2828 | D:3      | Reached skill level 1 in Maces & Flails
  2828 | D:3      | Reached XP level 5. HP: 22/48 MP: 3/12
  3323 | D:3      | Noticed an ogre
  3372 | D:3      | Killed an ogre
  3561 | D:3      | Noticed Robin
  3595 | D:3      | Killed Robin
  3596 | D:3      | Reached XP level 6. HP: 47/55 MP: 11/14
  4434 | D:3      | Learned a level 2 spell: Blink
  4438 | D:3      | Learned a level 3 spell: Conjure Flame
  4439 | D:4      | Noticed Eustachio
  4459 | D:4      | Killed Eustachio
  4460 | D:4      | Reached skill level 6 in Spellcasting
  4561 | D:4      | Found a runed translucent gate.
  4562 | D:4      | Found a runed translucent gate.
  4563 | D:4      | Found a runed translucent gate.
  4565 | D:4      | Noticed Gadfly's ghost (amateur DsMo)
  4575 | D:4      | Reached XP level 7. HP: 40/62 MP: 14/16
  4587 | D:4      | Killed Gadfly's ghost
  4693 | D:4      | HP: 3/62 [orc priest/divine providence (8)]
  4703 | D:4      | Killed by miscasting Mephitic Cloud

Illustrated notes

Levels and vault maps discovered:
D:1:      kilobyte_arrival_exit_the_forest, layout_basic
D:2:      layout_basic, uniq_terence
D:3:      layout_loops_ring, uniq_robin
D:4:      layout_basic, gammafunk_ghost_split, nicolae_ossuary_entry_monument,
          uniq_eustachio

Skill      XL: |  1  2  3  4  5  6 |
---------------+-------------------+-----
Spellcasting   | 4 5 6 |  6.7
Conjurations   | 1 2 |  2.0
Summonings     | 1 2 |  2.7
Fighting       | 1 |  1.0
Maces & Flails | 1 2 |  2.0
Stealth        | 2 |  2.8
Short Blades   | |  0.7
Dodging        | |  1.8
Translocations | |  0.8

Action                   |  1- 3 |  4- 6 |  7- 9 || total
-------------------------+-------+-------+-------++-------
Melee: Dagger            |    35 |       |       ||    35
       Short sword       |    12 |     5 |       ||    17
       Mace              |       |    82 |     9 ||    91
Throw: Dart              |     2 |     3 |       ||     5
 Cast: Magic Dart        |    18 |    16 |     6 ||    40
       Call Imp          |    15 |    77 |     9 ||   101
       Mephitic Cloud    |     2 |     4 |     3 ||     9
       Conjure Flame     |       |     1 |     1 ||     2
       Blink             |       |       |     3 ||     3
  Use: Potion            |       |     3 |     2 ||     5
 Stab: Distracted        |       |     4 |       ||     4
       Sleeping          |       |     1 |       ||     1
Armor: Robe              |    14 |    31 |     1 ||    46
Dodge: Dodged            |    34 |    87 |     9 ||   130
